 Dungeon Sprint DCSS version 0.21.1-1-g345015f (webtiles) character file.

8700000 Fang the Axe Maniac (level 27, -15/273 HPs)
             Began as a Minotaur Gladiator on May 22, 2018.
             Was the Champion of Makhleb.
             Demolished by The Servant
             ... wielding a +9 glaive of flaming
              (79 damage)
             ... in the Dungeon (Sprint VIII: "Arena of Blood").
             The game lasted 00:01:14 (87 turns).

Fang the Axe Maniac (Minotaur Gladiator)              Turns: 87, Time: 00:01:15

Health: -15/273    AC:  6    Str: 31    XL:     27
Magic:  30/53      EV: 29    Int:  5    God:    Makhleb [******]
Gold:   0          SH:  0    Dex: 13    Spells: 80/80 levels left

rFire    . . .     SeeInvis .   l - +∞ Axe of Woe
rCold    . . .     Gourm    .   (shield currently unavailable)
rNeg     . . .     Faith    .   b - +0 leather armour
rPois    .         Spirit   .   c - +0 hat
rElec    .         Reflect  .   (no cloak)
rCorr    .         Harm     .   (no gloves)
MR       ++...     NoTele   +   (no boots)
Stlth    +++++++++.             (no amulet)
HPRegen  0.55/turn              (no ring)
MPRegen  0.33/turn              (no ring)

@: marked
A: retaliatory headbutt, horns 2
a: Minor Destruction, Lesser Servant of Makhleb, Major Destruction, Greater
Servant of Makhleb, Renounce Religion


You were in the Dungeon.
You worshipped Makhleb.
Makhleb was exalted by your worship.
You were not hungry.

You visited 1 branch

Inventory:

Hand Weapons
 a - a +0 war axe
 l - the +∞ Axe of Woe (weapon)
   (You found it in the Dungeon)
Missiles
 d - 3 throwing nets (quivered)
Armour
 b - a +0 leather armour (worn)
 c - a +0 hat (worn)
Scrolls
 k - a scroll of blinking
Potions
 e - a potion of curing
 g - a potion of heal wounds
 h - a potion of haste
 i - 2 potions of magic
 j - a potion of berserk rage
Comestibles
 f - a ration


   Skills:
 O Level 27 Fighting
 O Level 27 Axes
 O Level 27 Throwing
 O Level 27 Armour
 O Level 27 Dodging
 O Level 27 Stealth
 O Level 27 Unarmed Combat
 O Level 27 Spellcasting
 O Level 27 Invocations


You had 80 spell levels left.
You didn't know any spells.

Dungeon Overview and Level Annotations

Branches:
Dungeon (1/1)

Altars:
Makhleb

Annotations:
D The Servant


Innate Abilities, Weirdness & Mutations

You reflexively headbutt those who attack you in melee.
You have a pair of horns on your head.


Message History

The meat berserker is engulfed in blazing flames.
The dread calls on the powers of darkness!
The bag of meat convulses! x4; The large bag of meat convulses!
The meat berserker convulses!
Your body is wracked with pain!
The Servant convulses!
The meat berserker convulses!
The bag of meat convulses! x2
The meat berserker convulses!
The bag of meat convulses!
The meat berserker convulses!
The bag of meat convulses! x6
The large bag of meat convulses!
The meat berserker convulses!
The large bag of meat convulses!
The bag of meat convulses!
The meat berserker convulses!
The eight-headed meat hydra convulses!
The bag of meat convulses!
The meat berserker convulses!
The tyrant gestures wildly while chanting.
The destroyer blinks!
The tyrant waves its bony arms in wide circles.
The air twists around and strikes you!
* * * LOW HITPOINT WARNING * * *
A corpse begins to drag itself along the ground!
Some corpses meld into an agglomeration of writhing flesh!
The Servant hits you from afar with a +9 glaive of flaming!!!!
You die...

........%...oL
.....%.....L.
.....%%.XO..
...D..ooM.%
....WOoo.o
#O§x.oL.# ..
#§x§oOo.#
..O###§@Oo.o.###.


ooo2oOWO###Wo..%. #..%Oo@V§§....O. .%MooO#o2X..#..o .o.Ooo#oWo._# .OOx.X#%)LLo#
#...o..O._..O... Oo.%..XL###XVz... o..###... .o###. You could see 2 accurseds, 2
tentacled monstrosities, a meat beast, 6 tyrants, a reaper, The Servant, an
eight-headed meat hydra, 2 destroyers, a sculptor of flesh, 4 large bags of
meat, 3 large abominations, 4 dreads, 12 meat berserkers, a small abomination,
28 bags of meat and 2 crawling corpses.

Vanquished Creatures
  Sigmund (D)
  9 hell beasts (D)
  2 greater mummies (D)
  2 wraiths (D)
  13 vampire knights (D)
  40 ogres (D)
  9 two-headed ogres (D)
  46 orcs (D)
  2 skeletal warriors (D)
  7 large abominations (D)
  10 small abominations (D)
  9 crawling corpses (D)
150 creatures vanquished.

Vanquished Creatures (others)
  3 crawling corpses (D)
3 creatures vanquished.

Grand Total: 153 creatures vanquished

Notes
Turn   | Place    | Note
-------+----------+-------------------------------------------
     0 | D        | Found the +∞ Axe of Woe
     0 | D        | Fang the Minotaur Gladiator began the quest for the Orb.
     0 | D        | Reached XP level 1. HP: 18/18 MP: 0/0
     4 | D        | Became a worshipper of Makhleb the Destroyer
     6 | D        | Noticed a bag of meat
     7 | D        | Noticed a meat berserker
     7 | D        | Noticed a bag of meat
    10 | D        | Noticed a meat berserker
    11 | D        | Killed a meat berserker
    11 | D        | Reached XP level 2. HP: 47/47 MP: 1/1
    11 | D        | Reached XP level 3. HP: 53/53 MP: 2/2
    11 | D        | Reached XP level 4. HP: 61/61 MP: 3/3
    11 | D        | Reached XP level 5. HP: 68/68 MP: 4/4
    11 | D        | Reached XP level 6. HP: 75/75 MP: 5/5
    11 | D        | Reached XP level 7. HP: 82/82 MP: 6/6
    11 | D        | Reached XP level 8. HP: 90/90 MP: 7/7
    11 | D        | Reached XP level 9. HP: 96/96 MP: 8/8
    11 | D        | Reached XP level 10. HP: 104/104 MP: 9/9
    11 | D        | Reached XP level 11. HP: 111/111 MP: 10/10
    11 | D        | Reached XP level 12. HP: 118/118 MP: 11/11
    11 | D        | Reached XP level 13. HP: 125/125 MP: 12/12
    12 | D        | Noticed a meat berserker
    12 | D        | Noticed a bag of meat
    12 | D        | Noticed a bag of meat
    13 | D        | Noticed a bag of meat
    13 | D        | Killed a meat berserker
    13 | D        | Reached * piety under Makhleb
    13 | D        | Reached skill level 27 in Axes
    13 | D        | Reached XP level 14. HP: 138/138 MP: 13/13
    13 | D        | Noticed a bag of meat
    14 | D        | Noticed a meat berserker
    14 | D        | Killed a bag of meat
    15 | D        | Killed a bag of meat
    15 | D        | Reached skill level 27 in Dodging
    15 | D        | Reached XP level 15. HP: 155/155 MP: 14/14
    17 | D        | Noticed a meat berserker
    17 | D        | Killed a meat berserker
    17 | D        | Reached ** piety under Makhleb
    18 | D        | Noticed a meat berserker
    18 | D        | Killed a meat berserker
    18 | D        | Reached skill level 27 in Fighting
    18 | D        | Reached XP level 16. HP: 183/183 MP: 15/15
    19 | D        | Reached skill level 27 in Throwing
    20 | D        | Killed a meat berserker
    20 | D        | Reached *** piety under Makhleb
    20 | D        | Reached skill level 10 in Unarmed Combat
    20 | D        | Reached XP level 17. HP: 191/191 MP: 15/26
    21 | D        | Noticed a destroyer
    22 | D        | Reached skill level 10 in Stealth
    22 | D        | Reached skill level 15 in Armour
    24 | D        | Killed a destroyer
    24 | D        | Reached **** piety under Makhleb
    24 | D        | Reached skill level 15 in Stealth
    24 | D        | Reached XP level 18. HP: 180/200 MP: 15/33
    26 | D        | Noticed a large bag of meat
    27 | D        | Noticed a large bag of meat
    27 | D        | Noticed a large bag of meat
    27 | D        | Killed a meat berserker
    28 | D        | Noticed a destroyer
    28 | D        | Reached XP level 19. HP: 164/207 MP: 16/34
    29 | D        | Noticed a meat berserker
    29 | D        | Noticed a destroyer
    29 | D        | Noticed a meat berserker
    29 | D        | Noticed a destroyer
    30 | D        | Reached ***** piety under Makhleb
    30 | D        | Reached skill level 27 in Stealth
    31 | D        | Killed a destroyer
    31 | D        | Reached skill level 15 in Spellcasting
    31 | D        | Reached XP level 20. HP: 216/216 MP: 17/38
    31 | D        | Killed a large bag of meat
    33 | D        | Noticed a meat berserker
    33 | D        | Noticed a meat berserker
    33 | D        | Reached skill level 27 in Armour
    34 | D        | Noticed a meat berserker
    34 | D        | Noticed a destroyer
    34 | D        | Killed a large bag of meat
    34 | D        | Reached skill level 27 in Unarmed Combat
    34 | D        | Reached XP level 21. HP: 224/224 MP: 17/43
    35 | D        | Noticed a destroyer
    35 | D        | Noticed a destroyer
    35 | D        | Reached ****** piety under Makhleb
    35 | D        | Reached skill level 27 in Invocations
    36 | D        | Killed a large bag of meat
    36 | D        | Reached skill level 27 in Spellcasting
    36 | D        | Reached XP level 22. HP: 233/233 MP: 18/52
    38 | D        | Noticed a destroyer
    38 | D        | Noticed a large bag of meat
    39 | D        | Killed a destroyer
    39 | D        | Reached XP level 23. HP: 240/240 MP: 18/53
    40 | D        | Killed a destroyer
    42 | D        | Noticed a large bag of meat
    43 | D        | Noticed a destroyer
    43 | D        | Killed a destroyer
    43 | D        | Reached XP level 24. HP: 242/249 MP: 19/53
    44 | D        | Killed a destroyer
    44 | D        | Reached XP level 25. HP: 257/257 MP: 20/53
    45 | D        | Noticed a destroyer
    45 | D        | Killed a destroyer
    46 | D        | Killed a destroyer
    46 | D        | Killed a large bag of meat
    47 | D        | Reached XP level 26. HP: 266/266 MP: 20/53
    49 | D        | Noticed a destroyer
    50 | D        | Killed a destroyer
    50 | D        | Killed a destroyer
    52 | D        | Noticed a large bag of meat
    53 | D        | Killed a large bag of meat
    53 | D        | Reached XP level 27. HP: 261/273 MP: 22/53
    54 | D        | Noticed an accursed
    55 | D        | Noticed a large bag of meat
    58 | D        | Noticed an accursed
    58 | D        | Killed a destroyer
    59 | D        | Killed a large bag of meat
    61 | D        | Noticed The Captor
    62 | D        | Noticed a meat beast
    63 | D        | Noticed a dread
    63 | D        | Killed a large bag of meat
    64 | D        | Noticed a large bag of meat
    65 | D        | Killed a meat beast
    67 | D        | Noticed a tyrant
    67 | D        | Killed a dread
    67 | D        | Killed an accursed
    68 | D        | Noticed a meat beast
    68 | D        | Killed The Captor
    68 | D        | Killed an accursed
    69 | D        | Noticed an accursed
    70 | D        | Noticed a large bag of meat
    70 | D        | Noticed a meat beast
    71 | D        | Noticed a meat beast
    71 | D        | Noticed a dread
    71 | D        | Noticed a destroyer
    72 | D        | Noticed a meat beast
    72 | D        | Noticed a meat beast
    72 | D        | Killed a meat beast
    72 | D        | Killed a destroyer
    73 | D        | Noticed a destroyer
    73 | D        | Noticed a dread
    73 | D        | Noticed a large bag of meat
    74 | D        | Noticed a dread
    75 | D        | Noticed a meat beast
    75 | D        | Killed a meat beast
    75 | D        | Killed a meat beast
    76 | D        | Noticed The Servant
    77 | D        | Killed a meat beast
    77 | D        | Killed a meat beast
    78 | D        | Noticed a large bag of meat
    78 | D        | Noticed a meat beast
    78 | D        | Noticed a meat beast
    78 | D        | Killed a large bag of meat
    79 | D        | Noticed an accursed
    80 | D        | Noticed a destroyer
    81 | D        | Noticed a tyrant
    81 | D        | Killed a meat beast
    82 | D        | Killed a meat beast
    83 | D        | Noticed a tyrant
    83 | D        | Noticed a tyrant
    83 | D        | Killed a large bag of meat
    83 | D        | Killed a destroyer
    84 | D        | Noticed a dread
    84 | D        | Killed a meat beast
    85 | D        | Noticed a dread
    85 | D        | Noticed a tyrant
    85 | D        | Noticed a meat beast
    85 | D        | Killed a dread
    86 | D        | Noticed a tyrant
    86 | D        | Noticed a large bag of meat
    87 | D        | Noticed a destroyer
    87 | D        | Noticed a tyrant
    87 | D        | Noticed a large bag of meat
    87 | D        | Demolished by The Servant

Skill      XL: |  1  2  3  4  5  6  7  8  9 10 11 12 13 14 15 16 17 18 19 20 21 |
---------------+----------------------------------------------------------------+-----
Fighting       | 14 16 20 27 | 27.0
Axes           | 23 27 | 27.0
Throwing       | 11 13 16 24 27 | 27.0
Dodging        | 21 24 27 | 27.0
Armour         | 11 19 23 27 | 27.0
Stealth        | 9 15 24 27 | 27.0
Unarmed Combat | 10 17 21 27 | 27.0
Spellcasting   | 6 12 15 19 27 | 27.0
Invocations    | 9 16 20 26 27 | 27.0

Action                   |  1- 3 |  4- 6 |  7- 9 | 10-12 | 13-15 | 16-18 | 19-21 | 22-24 | 25-27 || total
-------------------------+-------+-------+-------+-------+-------+-------+-------+-------+-------++-------
Melee: Executioner's axe |     1 |       |       |       |     5 |     6 |     7 |     6 |    41 ||    66
Dodge: Dodged            |       |       |       |       |     2 |     1 |       |       |     3 ||     6
